 Dungeon Crawl Stone Soup version 0.28.0-53-g5a82cb258f (webtiles) character file.

Game seed: 13406701277728225155

2684 firemarshallily the Fighter (level 9, -5/72 HPs)
             Began as a Djinni Earth Elementalist on June 13, 2022.
             Was a Priest of Wu Jian.
             Slain by a basilisk (12 damage)
             ... on level 7 of the Dungeon on June 14, 2022.
             The game lasted 00:34:07 (7345 turns).

firemarshallily the Fighter (DjEE)                  Turns: 7345, Time: 00:34:08

Health: -5/72      AC: 14    Str:  7    XL:     9   Next: 96%
Gold:   318        EV: 14    Int: 19    God:    Wu Jian [***...] SH:  0 Dex: 16

rFire   + + +      SeeInvis .   a - +6 rapier of the Wasteland {vorpal, Contam rF+ rN+}
rCold   x . .      Faith    .   (no shield)
rNeg    + . .      Spirit   .   B - +2 robe {Archmagi}
rPois   ∞          Reflect  .   u - +1 helmet
rElec   .          Harm     .   t - scarf {repulsion}
rCorr   +          Rampage  .   (no gloves)
Will    .....      Archmagi +   (boots unavailable)
Stlth   ++........              (no amulet)
HPRegen 0.22/turn               r - ring of resist corrosion
MPRegen 0.00/turn               (no ring)

@: ice-armoured, flying, hasted, repel missiles, very quick
A: sickness immunity, fire resistance 2, cold vulnerability 1, float, innate
caster, HP casting, extra vitality 1
a: Renounce Religion, Wall Jump, Serpent's Lash


You were on level 7 of the Dungeon.
You worshipped Wu Jian.
Wu Jian was most pleased with you.
You visited 1 branch of the dungeon, and saw 7 of its levels.

You collected 318 gold pieces.

Inventory:

Hand Weapons
 a - the +6 rapier of the Wasteland (weapon) {vorpal, Contam rF+ rN+}
   (You acquired it on level 1 of the Dungeon)

   It inflicts extra damage upon your enemies.
   rF:        It protects you from fire.
   rN:        It protects you from negative energy.
   Contam:    It causes magical contamination when unequipped.
 g - the +10 dark maul {vorpal}
   (You found it on level 2 of the Dungeon)

   It inflicts extra damage upon your enemies.
Missiles
 c - 296 stones
 h - 3 javelins
 k - 2 poisoned darts
 D - 2 throwing nets
Armour
 s - a +2 robe of fire resistance
 t - a scarf of repulsion (worn)
 u - a +1 helmet (worn)
 w - a +0 leather armour
 B - a +2 robe of the Archmagi (worn)
Jewellery
 o - a ring of ice
 q - a ring of fire
 r - a ring of resist corrosion (left hand)
Wands
 v - a wand of iceblast (7)
 x - a wand of flame (22)
 y - a wand of paralysis (10)
 C - a wand of digging (3)
Scrolls
 b - a scroll of enchant weapon {unknown}
 d - a scroll of enchant armour
 l - a scroll of fear {unknown}
 m - a scroll of holy word {unknown}
 n - 3 scrolls of amnesia {unknown}
 p - 2 scrolls of noise {unknown}
 z - 2 scrolls of teleportation {unknown}
Potions
 e - a potion of haste
 f - 3 potions of mutation
 i - a potion of invisibility {unknown}
 j - 2 potions of might {unknown}
 A - a potion of curing


   Skills:
 * Level 9.1 Fighting
 + Level 4.0 Short Blades
 - Level 5.0 Dodging
 - Level 2.0 Stealth
 + Level 5.4 Spellcasting


You couldn't memorise any spells.
You knew the following spells:

 Your Spells              Type           Power      Damage    Failure   Level
a - Sandblast             Erth           78%        2d17      1%          1
b - Passwall              Tmut/Erth      32%        N/A       1%          2
c - Stone Arrow           Conj/Erth      78%        3d11      3%          3
d - Petrify               Tmut/Erth      39%        N/A       12%         4
e - Slow                  Hex            100%       N/A       1%          1
f - Call Imp              Summ           39%        N/A       1%          2
g - Ozocubu's Armour      Ice            39%        N/A       3%          3
h - Call Canine Familiar  Summ           39%        N/A       3%          3
Your spell library was empty.

Dungeon Overview and Level Annotations

Branches:
Dungeon (7/15)             Temple (0/1) D:4

Altars:
Cheibriados
Dithmenos
Nemelex Xobeh
Sif Muna
Uskayaw
Vehumet
Wu Jian

Annotations:
D:6 exclusion: statue


Innate Abilities, Weirdness & Mutations

You are immune to sickness and miasma.
You are immune to poison.
Your flesh is very heat resistant. (rF++)
You are vulnerable to cold. (rC-)
You float through the air rather than walking.
You learn spells naturally, not from books.
Your magical power is your life essence.
You have superior vitality. (+4 MHP)


Message History

The basilisk bites your crimson imp!
Your crimson imp misses the basilisk.
The orc warrior hits you but does no damage.
The basilisk gazes at your crimson imp.
Your crimson imp resists with some effort.
Your crimson imp blinks!
The orc warrior hits you from afar with a +0 halberd.
An arrow appears from out of your range of vision.
The arrow hits your crimson imp!
Your crimson imp dies!
Your crimson imp disappears in a puff of smoke!
The basilisk gazes at you. You resist with some effort.
The orc warrior hits you but does no damage.
The basilisk bites you.
The orc warrior hits you from afar with a +0 halberd.
* * * LOW HITPOINT WARNING * * *
The basilisk gazes at you. You resist with some effort.
A centaur comes into view. It is wielding a +0 shortbow.
The orc warrior hits you from afar with a +0 halberd.
* * * LOW HITPOINT WARNING * * *
The basilisk gazes at you. You resist with some effort.
The orc warrior hits you but does no damage.
The basilisk gazes at you.
The orc warrior hits you from afar with a +0 halberd!
* * * LOW HITPOINT WARNING * * *
The centaur shouts!
You hear a loud, deep croak!
The centaur shoots an arrow.
The arrow hits you. The basilisk bites you.
* * * LOW HITPOINT WARNING * * *
The centaur shoots an arrow.
The arrow hits you!
* * * LOW HITPOINT WARNING * * *
The orc warrior hits you from afar with a +0 halberd!
* * * LOW HITPOINT WARNING * * *
You turn to flesh and can move again.
You feel yourself speed up.
The centaur shoots an arrow.
The arrow closely misses you.
A bullfrog comes into view.
The basilisk bites you!
You die...

......................
..............##.##.##
# #..<.###.........#
#.#.........###.##.#
#......###.## #.##.# .
....#...# #.####.##.#
#..#####...#
#.........# #).Zo#..##
###...##### #5l@##
#.._..# ###.# #.....#
#... ####### # .....#
# #c##.# # ..# .# #..
. #F# .


You could see a basilisk, an orc warrior, a bullfrog, a centaur, a white imp and
a centaur skeleton.

Vanquished Creatures
  Pikel (D:5)
  Sigmund (D:4)
  A black bear (D:7)
  Duvessa (D:4)
  An ice beast (D:7)
  A sky beast (D:3)
  3 ogres
  2 centaurs
  3 lemures
  2 phantoms
  2 scorpions
  Dowan (D:4)
  A water moccasin skeleton (D:5)
  3 jellies
  2 hounds (D:4)
  2 bullfrog zombies (D:5)
  2 orc priests
  An iguana (D:4)
  2 orc wizards
  Natasha (thrice) (D:3)
  A hound skeleton (D:2)
  A mummy (D:4)
  7 adders
  4 gnolls
  An adder skeleton (D:4)
  A worm (D:3)
  A dart slug (D:4)
  15 orcs
  4 ball pythons
  3 bats
  10 endoplasms
  4 giant cockroaches
  10 goblins
  2 hobgoblins
  11 jackals
  4 kobolds
  3 quokkas (D:2)
  7 frilled lizards
  6 rats
130 creatures vanquished.

Vanquished Creatures (collateral kills)
  A water moccasin (D:4)
  A sky beast (D:6)
  A lemure (D:4)
  A hound (D:6)
  A gnoll shaman (D:7)
  An adder (D:6)
  A howler monkey skeleton (D:5)
  An orc (D:6)
  An endoplasm (D:3)
  A frilled lizard (D:3)
10 creatures vanquished.

Grand Total: 140 creatures vanquished

Notes
Turn   | Place    | Note
-------+----------+-------------------------------------------
     0 | D:1      | firemarshallily the Djinni Earth Elementalist began the
                  | quest for the Orb.
     0 | D:1      | Reached XP level 1. HP: 15/15 MP: 0/0
     1 | D:1      | Noticed an electric eel
    12 | D:1      | Identified a scroll of acquirement
    12 | D:1      | Acquired the +6 rapier of the Wasteland {vorpal, Contam rF+
                  | rN+}
    78 | D:1      | Reached XP level 2. HP: 21/21 MP: 0/0
   202 | D:1      | Reached XP level 3. HP: 25/26 MP: 0/0
   202 | D:1      | Learned a level 1 spell: Slow
   385 | D:1      | Reached skill level 1 in Fighting
   813 | D:2      | Found the +10 dark maul {vorpal}
   823 | D:2      | Reached XP level 4. HP: 26/32 MP: 0/0
   963 | D:2      | Found a faded altar of an unknown god.
   992 | D:2      | Prayed at the altar of an unknown god.
   992 | D:2      | Became a worshipper of the Wu Jian Council
   992 | D:2      | Reached * piety under Wu Jian
  1191 | D:2      | Reached skill level 1 in Short Blades
  1798 | D:3      | Reached skill level 2 in Fighting
  1867 | D:3      | Reached XP level 5. HP: 38/38 MP: 0/0
  1867 | D:3      | Learned a level 2 spell: Call Imp
  1868 | D:3      | Noticed Natasha
  1878 | D:3      | Killed Natasha
  2029 | D:3      | Found a hide-covered altar of Uskayaw.
  2032 | D:3      | Noticed a sky beast
  2040 | D:3      | HP: 1/39 [sky beast (6)]
  2041 | D:3      | Killed a sky beast
  2042 | D:3      | Reached skill level 3 in Fighting
  2042 | D:3      | Reached XP level 6. HP: 2/46 MP: 0/0
  2452 | D:3      | Reached ** piety under Wu Jian
  2809 | D:3      | Noticed Natasha
  2816 | D:3      | Killed Natasha
  2972 | D:3      | Noticed Natasha
  2981 | D:3      | Killed Natasha
  3071 | D:4      | You are sucked into a shaft and drop 1 floor!
  3071 | D:5      | Entered Level 5 of the Dungeon
  3106 | D:4      | Reached skill level 4 in Fighting
  3106 | D:4      | Reached XP level 7. HP: 52/52 MP: 0/0
  3106 | D:4      | Learned a level 3 spell: Ozocubu's Armour
  3195 | D:4      | Found a snail-covered altar of Cheibriados.
  3419 | D:4      | Noticed Duvessa
  3420 | D:4      | Noticed Dowan
  3421 | D:4      | Found a staircase to the Ecumenical Temple.
  3435 | D:4      | Killed Duvessa
  3440 | D:4      | Killed Dowan
  3800 | D:4      | Noticed Sigmund
  3865 | D:5      | Found a sparkling altar of Nemelex Xobeh.
  3962 | D:5      | Reached skill level 5 in Fighting
  3962 | D:5      | Reached XP level 8. HP: 50/59 MP: 0/0
  4569 | D:5      | Noticed Pikel
  4840 | D:4      | Reached skill level 6 in Fighting
  5196 | D:5      | Killed Pikel
  5197 | D:5      | Reached skill level 7 in Fighting
  5197 | D:5      | Reached skill level 5 in Dodging
  5197 | D:5      | Reached XP level 9. HP: 23/69 MP: 0/0
  5197 | D:5      | Learned a level 3 spell: Call Canine Familiar
  5733 | D:5      | Found a shadowy altar of Dithmenos.
  5751 | D:5      | Found an ornate altar of the Wu Jian Council.
  6086 | D:6      | Reached skill level 8 in Fighting
  6086 | D:6      | Reached skill level 5 in Spellcasting
  6807 | D:4      | Reached *** piety under Wu Jian
  6811 | D:4      | Killed Sigmund
  6972 | D:4      | Identified the -4 cloak of the Forsaken Priests {Str+3}
  7312 | D:7      | Reached skill level 9 in Fighting
  7345 | D:7      | Slain by a basilisk

Illustrated notes

Levels and vault maps discovered:
D:1:      arrival_aquarium_a, layout_rooms
D:2:      layout_basic, shapermc_ecumenical_altar_gd, minmay_joined_circles
D:3:      layout_basic, mainiacjoe_overflow_cross_hatched, uniq_natasha
D:4:      layout_basic, slow_altar_1, minmay_temple_entry_mist, uniq_duvessa,
          uniq_sigmund
D:5:      layout_basic, nicolae_dithmenos_through_a_glass_darkly,
          nemelex_spade_bored_becter, kennysheep_mini_moat, uniq_pikel
D:6:      layout_gridville, vehumet_statue, wad_floor_pattern_untrapped
D:7:      layout_loops_cross, mainiacjoe_overflow_alcove_1, bloody_makhleb,
          serial_shops, nicolae_shop_waterfront, hangedman_decor_push,
          minmay_manual_macuahuitl

Skill      XL: |  1  2  3  4  5  6  7  8  9 |
---------------+----------------------------+-----
Fighting       | 1 2 3 4 5 7 9 |  9.1
Stealth        | 2 |  2.0
Spellcasting   | 3 4 5 |  5.4
Short Blades   | 1 2 3 4 |  4.0
Dodging        | 3 4 5 |  5.0

Action                   |  1- 3 |  4- 6 |  7- 9 || total
-------------------------+-------+-------+-------++-------
Melee: Rapier            |    60 |   107 |    95 ||   262
       Punch             |       |     3 |     1 ||     4
 Cast: Sandblast         |    11 |     4 |     3 ||    18
       Call Imp          |       |     1 |    18 ||    19
       Stone Arrow       |       |     2 |    61 ||    63
       Ozocubu's Armour  |       |       |     8 ||     8
       Slow              |       |       |    10 ||    10
       Call Canine Famil |       |       |     6 ||     6
Invok: Lunge             |       |    15 |    11 ||    26
       Whirlwind         |       |     1 |       ||     1
  Use: Scroll            |     3 |     3 |     2 ||     8
       Potion            |       |       |     4 ||     4
 Stab: Sleeping          |     1 |    10 |     4 ||    15
Armor: Robe              |    13 |    11 |    37 ||    61
Dodge: Dodged            |    48 |    38 |    80 ||   166
